 Dungeon Crawl Stone Soup version 0.16.1-4-g8e1b745 (webtiles) character file.

705 inmateoo the Chopper (level 7, -11/64 HPs)
             Began as a Deep Dwarf Fighter on Mar 27, 2015.
             Killed by divine providence
             ... invoked by an orc priest
              (14 damage)
             ... on level 6 of the Dungeon.
             The game lasted 00:04:47 (3404 turns).

inmateoo the Chopper (Deep Dwarf Fighter)           Turns: 3404, Time: 00:04:47

Health: -11/64     AC: 10    Str: 22    XL:     7   Next: 39%
Magic:  10/10      EV:  6    Int: 10    God:
Gold:   339        SH: 10    Dex: 12    Spells: 0 memorised, 6 levels left

rFire  . . .     SeeInvis .     a - +1 war axe
rCold  . . .     Clarity  .     q - +0 chain mail
rNeg   + . .     SustAb   .     c - +0 shield
rPois  .         Gourm    .     (no helmet)
rElec  .         Spirit   .     (no cloak)
rCorr  .         Warding  +     u - +0 pair of gloves
rMut   .         Stasis   .     (no boots)
MR     ++...                    k - amulet of warding
Stlth  ..........               (no ring)
                                t - +2 ring of intelligence

@: non-regenerating, very resistant to hostile enchantments, extremely
unstealthy
A: damage resistance, recharge devices, magic resistance 1, sense surroundings
1, slow healing 3
a: Device Recharging


You were on level 6 of the Dungeon.
You were hungry.

You visited 1 branch of the dungeon, and saw 6 of its levels.

You collected 339 gold pieces.

Inventory:

Hand weapons
 a - a +1 war axe (weapon)
Armour
 c - a +0 shield (worn)
 q - a +0 chain mail (worn)
 u - a +0 pair of gloves (worn)
 v - the +2 ring mail of Ru's Outrage {Slay+2, unknown}
   (You found it on level 6 of the Dungeon)

   It affects your accuracy and damage with ranged weapons and melee attacks
   (+2).
Jewellery
 k - an amulet of warding (around neck)
 t - a +2 ring of intelligence (left hand)
Magical devices
 b - a wand of slowing (21)
 d - a wand of heal wounds (0)
Scrolls
 g - a scroll of remove curse
 h - 5 scrolls of blinking
 i - a scroll of amnesia
 l - 2 scrolls of immolation
 m - a scroll of teleportation
 p - a scroll of identify
 s - a scroll of magic mapping
Potions
 e - 2 potions of might
 j - 3 potions of agility
Comestibles
 f - 4 bread rations
 n - 3 meat rations
 o - a beef jerky
 r - 4 fruits


   Skills:
 + Level 4.0 Fighting
 * Level 5.9 Axes
 + Level 4.7 Armour
 + Level 5.1 Shields
 + Level 3.3 Evocations


You had 6 spell levels left.
You didn't know any spells.

Dungeon Overview and Level Annotations

Branches:
Dungeon (6/15)             Temple (0/1) D:4

Altars:
Okawaru


Innate Abilities, Weirdness & Mutations

You are resistant to damage.
You can recharge devices by infusing magical energy.
You passively map a small area around you.
You do not heal naturally.
You are resistant to hostile enchantments.


Message History

Unknown command.
Evoke which item? (* to show all) (? for menu, Esc to quit)
Zapping:
d - a wand of heal wounds (1)
Press: ? - help, Shift-Dir - straight line, f - you You feel much better.
This wand has 0 charges left.
The orc priest calls down the wrath of Beogh upon you.
Something smites you!
* * * LOW HITPOINT WARNING * * *
Unknown command.
Unknown command.
Your shield and chain mail prevent you from hitting the orc priest.
The orc priest is severely wounded.
You block the orc priest's attack.
Unknown command.
Unknown command.
Your chain mail prevents you from hitting the orc priest.
The orc priest is severely wounded.
The orc priest invokes the aid of Beogh against you.
Something smites you!
You die...

##. , *
#..... , *
##...... * .#
#........ #.#
#>........ *
* *
#.##..>.....#
*
#.#.........
,
#...).......
,, ...
*#o@..#
....#*#)#.##
* , , .....
#.### *, ,
......#)# ,
.......#.# *
, o........#
.o.....#.# ,,
....###.# * ,
* * ###
#..#### *


You could see an orc priest.

Vanquished Creatures
  A centaur (D:5)
  2 ogres (D:5)
  3 crimson imps (D:5)
  2 giant frog skeletons (D:4)
  2 orc wizards (D:4)
  3 worker ants (D:4)
  A hound zombie (D:5)
  A shadow imp (D:5)
  7 adders
  A giant mite (D:2)
  A worm (D:3)
  An adder skeleton (D:5)
  A giant gecko (D:4)
  11 orcs
  9 bats
  A bat zombie (D:5)
  15 goblins
  7 hobgoblins
  4 jackals
  A quokka (D:5)
  A ball python (D:3)
  A ball python zombie (D:5)
  A giant gecko zombie (D:5)
  2 giant newts
  5 kobolds
  12 rats
  A rat zombie (D:5)
97 creatures vanquished.

Notes
Turn   | Place    | Note
--------------------------------------------------------------
     0 | D:1      | inmateoo, the Deep Dwarf Fighter, began the quest for the Orb.
     0 | D:1      | Reached XP level 1. HP: 20/20 MP: 1/1
   748 | D:2      | Found an iron altar of Okawaru.
   758 | D:2      | Reached XP level 2. HP: 17/27 MP: 2/2
  1212 | D:2      | Reached XP level 3. HP: 20/34 MP: 3/3
  1535 | D:3      | Reached XP level 4. HP: 16/42 MP: 4/4
  2090 | D:4      | Found a staircase to the Ecumenical Temple.
  2168 | D:4      | Reached skill level 4 in Axes
  2168 | D:4      | Reached skill level 1 in Evocations
  2198 | D:4      | Reached XP level 5. HP: 30/49 MP: 6/6
  2429 | D:4      | Reached XP level 6. HP: 30/56 MP: 8/8
  2523 | D:5      | Entered Level 5 of the Dungeon
  2581 | D:5      | Reached skill level 5 in Axes
  2625 | D:5      | Gained mutation: You are resistant to hostile enchantments. [potion of beneficial mutation]
  2679 | D:5      | Reached XP level 7. HP: 14/63 MP: 8/10
  3080 | D:5      | Reached skill level 5 in Shields
  3268 | D:6      | Got a faintly humming ring mail
  3401 | D:6      | HP: 1/64 [orc priest/divine providence (11)]
  3404 | D:6      | Killed from afar by an orc priest

Action                   |  1- 3 |  4- 6 |  7- 9 || total
-------------------------+-------+-------+-------++-------
Melee: War axe           |    98 |   157 |    98 ||   353
Evoke: Wand              |       |     4 |     5 ||     9
  Use: Scroll            |     9 |     5 |       ||    14
       Potion            |       |     1 |       ||     1
  Eat: Chunk             |     2 |     4 |     2 ||     8
